 Dungeon Crawl Stone Soup version 0.17-a0-1840-g87820a2 (webtiles) character file.

331 luca467 the Cudgeler (level 6, -2/47 HPs)
             Began as a Mummy Fighter on Sept 16, 2015.
             Slain by an adder (3 damage)
             ... in a sewer.
             The game lasted 00:15:47 (5529 turns).

luca467 the Cudgeler (Mummy Fighter)                Turns: 5529, Time: 00:15:47

Health: -2/47      AC: 13    Str: 21    XL:     6   Next: 26%
Magic:  6/6        EV:  5    Int:  8    God:
Gold:   152        SH:  9    Dex: 11    Spells: 0 memorised, 5 levels left

rFire  x . .     SeeInvis .     a - +0 flail
rCold  + . .     Clarity  .     f - +0 chain mail
rNeg   + + +     SustAt   .     c - +0 shield
rPois  ∞         Gourm    .     (no helmet)
rElec  .         Spirit   .     (no cloak)
rCorr  .         Warding  .     o - +0 pair of gloves
rMut   .         Stasis   .     (no boots)
MR     .....                    (no amulet)
Stlth  ..........               (no ring)
                                j - +3 ring of protection

@: not resistant to hostile enchantments, extremely unstealthy
A: no food or potions, fire vulnerability, cold resistance 1, negative energy
resistance 3, torment resistance, unbreathing
a: no special abilities


You were in a sewer.
You were not hungry.

You visited 1 branch of the dungeon, and saw 4 of its levels.
You also visited: Sewer.

You collected 152 gold pieces.

Inventory:

Hand weapons
 a - a +0 flail (weapon)
 l - a +0 whip
Missiles
 i - 6 javelins of returning (quivered)
 m - a throwing net
Armour
 b - a +0 scale mail
 c - a +0 shield (worn)
 f - a +0 chain mail (worn)
 o - a +0 pair of gloves (worn)
Jewellery
 j - a +3 ring of protection (left hand)
Scrolls
 d - 2 scrolls of teleportation
 e - a scroll of fog {unknown}
 g - a scroll of enchant weapon {unknown}
 h - 3 scrolls of remove curse
 k - a scroll of recharging {unknown}
 n - 2 scrolls of identify
Books
 p - a book of Changes

   Spells                             Type                      Level
   a - Beastly Appendage              Transmutation                1
   b - Sticks to Snakes               Transmutation                2
   c - Spider Form                    Transmutation/Poison         3
   d - Ice Form                       Ice/Transmutation            4
   e - Blade Hands                    Transmutation                5


   Skills:
 - Level 3.1 Fighting
 * Level 5.3 Maces & Flails
 - Level 2.4 Armour
 - Level 2.7 Shields


You had 5 spell levels left.
You didn't know any spells.

Dungeon Overview and Level Annotations

Branches:
Dungeon (4/15)
 Temple: D:4-7

Altars:
Dithmenos


Innate Abilities, Weirdness & Mutations

You do not eat or drink.
Your flesh is vulnerable to fire.
You are immune to poison.
Your flesh is cold resistant.
You are immune to negative energy.
You are immune to unholy pain and torment.
You can survive without breathing.


Message History

The adder bites you but does no damage. The giant frog barely misses you.
You block the giant frog's attack.
The giant frog hits you but does no damage.
The giant frog hits you.
* * * LOW HITPOINT WARNING * * *
The giant frog hits you but does no damage.
The adder bites you but does no damage. You block the adder's attack.
The giant frog hits you but does no damage.
The giant frog hits you.
* * * LOW HITPOINT WARNING * * *
The adder bites you but does no damage. The giant frog hits you.
* * * LOW HITPOINT WARNING * * *
The adder bites you but does no damage. You block the adder's attack.
You block the giant frog's attack. The giant frog hits you.
* * * LOW HITPOINT WARNING * * *
The giant frog hits you but does no damage.
The giant frog closely misses you. The adder bites you but does no damage.
You block the giant frog's attack. The adder bites you.
You die...

...≈.# #≈≈≈≈≈≈#
..†.≈# #≈≈≈≈≈≈#
≈††≈≈# #≈≈≈≈≈≈#
≈≈≈≈≈# #≈≈≈≈≈≈#
≈≈≈≈≈# #≈≈≈≈≈≈#
≈≈≈≈≈# #≈≈≈≈≈≈#
≈≈≈≈≈# #≈≈≈S≈≈#
≈≈≈≈.# #.≈FFSl#
.....## ##...@..#
..†...####+#......##
........##........#
#.....†..........##
##..............##
###..........###
####....#### ######


You could see 2 giant frogs, 2 adders and a giant newt.

Vanquished Creatures
  An orc wizard (D:3)
  Terence (D:3)
  8 adders
  4 gnolls (D:2)
  5 river rats (Sewer)
  3 oozes
  A worm (D:2)
  A giant gecko (D:1)
  4 orcs (D:3)
  10 ball pythons
  8 giant cockroaches
  10 hobgoblins
  4 kobolds
  2 quokkas (D:2)
  9 bats
  10 giant newts
  8 goblins
  30 rats
119 creatures vanquished.

Notes
Turn   | Place    | Note
--------------------------------------------------------------
     0 | D:1      | luca467 the Mummy Fighter began the quest for the Orb.
     0 | D:1      | Reached XP level 1. HP: 18/18 MP: 1/1
   221 | D:1      | Reached XP level 2. HP: 24/24 MP: 2/2
   533 | D:1      | Reached XP level 3. HP: 24/29 MP: 3/3
  2521 | D:2      | Reached XP level 4. HP: 30/35 MP: 4/4
  4017 | D:2      | Reached skill level 4 in Maces & Flails
  4397 | D:3      | Reached XP level 5. HP: 41/41 MP: 5/5
  4461 | D:3      | Found a shadowy altar of Dithmenos.
  4543 | D:3      | Noticed Terence
  4555 | D:3      | Killed Terence
  4640 | D:4      | Found a glowing drain.
  4680 | Sewer    | Entered a sewer
  4963 | Sewer    | Reached skill level 5 in Maces & Flails
  5009 | Sewer    | Reached XP level 6. HP: 47/47 MP: 6/6
  5528 | Sewer    | HP: 1/47 [giant frog (3)]
  5529 | Sewer    | Slain by an adder

Vault maps used:
D:1:      dpeg_arrival_orchard, dk_noncrumbling_2
D:3:      led_sif_book, lemuel_tele_altar, uniq_terence, uniq_jessica
D:4:      nemelex_xobeh_ov_fountains_minmay, gup_sewer_entry_glass, nrook_uturn
Sewer:    sewer_minmay_w

Action                   |  1- 3 |  4- 6 || total
-------------------------+-------+-------++-------
Melee: Flail             |   181 |   307 ||   488
  Use: Scroll            |       |     3 ||     3
